 Dungeon Crawl Stone Soup version 0.30-a0-476-g330ca2eb8e (webtiles) character file.

Game seed: 14396197303481608057

639827 Khashishi the Envoy of Void (level 27, -4/209 HPs)
             Began as a Human Fighter on Dec 21, 2022.
             Was a High Priest of Lugonu.
             Killed from afar by an electric golem (9 damage)
             ... with a bolt of lightning
             ... on level 5 of the Realm of Zot on Dec 22, 2022.
             The game lasted 06:31:36 (56839 turns).

Khashishi the Envoy of Void (Human Fighter)        Turns: 56839, Time: 06:31:36

Health: -4/209     AC: 30    Str: 31    XL:     27
Magic:  34/39      EV: 17    Int: 11    God:    Lugonu [*****.]
Gold:   10694      SH: 30    Dex: 14    Spells: 29/36 levels left

rFire   + + .      SeeInvis +    b - +9 broad axe (elec)
rCold   + + .      Faith    .    z - +1 tower shield of the Mackerel {Rampage Will+ Regen+}
rNeg    + + .      Spirit   .    Z - +8 chain mail "Hichurer" {Rampage rElec rPois}
rPois   +          Reflect  +    c - +2 hat {SInv}
rElec   +          Harm     .    n - +1 cloak of Patterns {Slay+3}
rCorr   +          Rampage  +    I - +0 pair of gloves "Kise" {rC+ Str+2}
Will    ++++.                    w - +0 pair of boots of Antique Knowledge {rN++ Int-2}
Stlth   +.........               t - amulet of Pukhlast {Reflect Drain Fly SH+5 Stlth+}
HPRegen 1.34/turn                O - ring "Qomonome" {rC+ rCorr Int+2 Slay+3}
MPRegen 0.26/turn                y - ring of the Octopus King {rF+ HP+2 AC+2 EV+2 SH+2}

@: flying, studying 4 skills, unable to drink
A: deformed body, fire resistance 1, frail 1, strong-willed 1, screaming 1,
strong 1, inability to drink after injury 1
}: 5/15 runes: decaying, slimy, silver, abyssal, gossamer
a: Renounce Religion, Depart the Abyss, Banish, Corrupt, Enter the Abyss


You were on level 5 of the Realm of Zot.
You worshipped Lugonu.
Lugonu was extremely pleased with you.
You visited 13 branches of the dungeon, and saw 57 of its levels.
You visited the Abyss 1 time.
You also visited: Trove, Ossuary, Bailey, Gauntlet, Volcano and Desolation.

You collected 12569 gold pieces.
You spent 1875 gold pieces at shops.

Inventory:

Hand Weapons
 a - the +9 eveningstar of the Shrieking God {venom, Will+ Stlth+}
   (You acquired it on level 7 of the Dungeon)

   It poisons the flesh of those it strikes.
   Will:      It increases your willpower.
   Stlth:     It makes you more stealthy.
 b - a +9 broad axe of electrocution (weapon)
Missiles
 C - 8 curare-tipped darts (quivered)
 F - 11 silver javelins
 S - 3 throwing nets
Armour
 c - a +2 hat of see invisible (worn)
 n - the +1 cloak of Patterns (worn) {Slay+3}
   (You found it on level 2 of the Dungeon)

   Slay:      It affects your accuracy & damage with ranged weapons and melee
   (+3).
 w - the +0 pair of boots of Antique Knowledge (worn) {rN++ Int-2}
   (You found it in the Desolation of Salt)

   Int:       It affects your intelligence (-2).
   rN:        It greatly protects you from negative energy.
 z - the +1 tower shield of the Mackerel (worn) {Rampage Will+ Regen+}
   (You took it off Louise on level 14 of the Dungeon)

   Regen:     It increases your rate of health regeneration.
   Rampage:   It bestows one free step when moving towards enemies.
   Will:      It increases your willpower.
 I - the +0 pair of gloves "Kise" (worn) {rC+ Str+2}
   (You acquired it in a volcano)

   Str:       It affects your strength (+2).
   rC:        It protects you from cold.
 Z - the +8 chain mail "Hichurer" (worn) {Rampage rElec rPois}
   (You found it on level 5 of the Vaults)

   rElec:     It insulates you from electricity.
   rPois:     It protects you from poison.
   Rampage:   It bestows one free step when moving towards enemies.
Jewellery
 f - the ring of Spontaneous Combustion {rF+ rC+ rN+}
   (You acquired it on level 3 of the Vaults)

   [ring of protection from fire]

   rF:        It protects you from fire.
   rC:        It protects you from cold.
   rN:        It protects you from negative energy.
 g - the ring "Quelesm" {Fire rElec SInv}
   (You found it on level 2 of the Crypt)

   [ring of fire]

   It enhances your fire magic.
   rF:        It protects you from fire.
   rC:        It makes you vulnerable to cold.
   rElec:     It insulates you from electricity.
   SInv:      It lets you see invisible.
 q - the ring of Itucoqypt {rPois rF+ Will+ SInv}
   (You found it on level 3 of the Crypt)

   [ring of see invisible]

   rF:        It protects you from fire.
   rPois:     It protects you from poison.
   SInv:      It lets you see invisible.
   Will:      It increases your willpower.
 s - the ring of Equilibrium {Will+ rCorr MP+9 Str+4}
   (You found it on level 5 of the Vaults)

   [ring of resist corrosion]

   Str:       It affects your strength (+4).
   MP:        It affects your magic capacity (+9).
   rCorr:     It protects you from acid and corrosion.
   Will:      It increases your willpower.
 t - the amulet of Pukhlast (around neck) {Reflect Drain Fly SH+5 Stlth+}
   (You acquired it on level 4 of the Vaults)

   [amulet of reflection]

   It reflects blocked missile attacks.
   Fly:       It grants you flight.
   Drain:     It drains your maximum health when unequipped.
   SH:        It affects your SH (+5).
   Stlth:     It makes you more stealthy.
 y - a ring of the Octopus King (right hand) {rF+ HP+2 AC+2 EV+2 SH+2}
   (You found it on level 2 of the Swamp)

   [ring of protection from fire]

   AC:        It affects your AC (+2).
   EV:        It affects your evasion (+2).
   rF:        It protects you from fire.
   HP:        It affects your health (+2).
   SH:        It affects your SH (+2).
 N - the ring of Ope Dian {+Blink rF+ rN+ Str+2}
   (You found it on level 2 of the Crypt)

   [ring of protection from fire]

   Str:       It affects your strength (+2).
   rF:        It protects you from fire.
   rN:        It protects you from negative energy.
   +Blink:    It lets you blink.
 O - the ring "Qomonome" (left hand) {rC+ rCorr Int+2 Slay+3}
   (You found it on level 3 of the Elven Halls)

   [ring of protection from cold]

   Int:       It affects your intelligence (+2).
   Slay:      It affects your accuracy & damage with ranged weapons and melee
   (+3).
   rC:        It protects you from cold.
   rCorr:     It protects you from acid and corrosion.
 U - the ring of the Endless Expanse {rF+ Will+ Dex+6}
   (You found it on level 2 of the Lair of Beasts)

   [ring of dexterity]

   Dex:       It affects your dexterity (+6).
   rF:        It protects you from fire.
   Will:      It increases your willpower.
Wands
 H - a wand of digging (23)
 P - a wand of iceblast (53)
 Q - a wand of acid (29)
Scrolls
 i - 19 scrolls of teleportation
 j - 13 scrolls of fear
 k - 5 scrolls of butterflies
 x - 6 scrolls of blinking
 B - a scroll of enchant armour
 E - 6 scrolls of fog
 J - 2 scrolls of silence
 T - 5 scrolls of poison
Potions
 d - 10 potions of might
 e - 30 potions of curing
 h - a potion of ambrosia
 l - 11 potions of heal wounds
 m - 6 potions of cancellation
 o - 5 potions of haste
 u - 11 potions of invisibility
 v - a potion of mutation
 A - 6 potions of magic
 D - 4 potions of resistance
 G - 3 potions of berserk rage
 K - 2 potions of brilliance
 M - 6 potions of attraction
Miscellaneous
 p - a phial of floods
 L - a phantom mirror
 V - a box of beasts (inert)
 W - a condenser vane
 X - a lightning rod (4/4)
 Y - a tin of tremorstones (2/2)


   Skills:
 + Level 21.7 Fighting
 - Level 14.1(18.0) Axes
 - Level 18.0(19.8) Maces & Flails
 - Level 3.0 Throwing
 + Level 20.5 Armour
 - Level 13.8 Dodging
 - Level 6.8 Stealth
 + Level 20.9 Shields
 + Level 5.0 Spellcasting
 + Level 6.7 Transmutations
 + Level 24.2 Invocations
 - Level 3.0 Evocations


You had 29 spell levels left.
You knew the following spells:

 Your Spells              Type           Power      Damage    Failure   Level
a - Wereblood             Tmut           17%        N/A       10%         2
b - Passwall              Tmut/Erth      8%         N/A       36%         2
c - Lesser Beckoning      Tloc           4%         N/A       97%         3

Your spell library contained the following spells:

 Spells                   Type           Power      Damage    Failure   Level
 Beastly Appendage        Tmut           34%        N/A       6%          1
 Sting                    Tmut/Pois      40%        1d5       26%         1
 Spider Form              Tmut/Pois      10%        N/A       61%         3
 Apportation              Tloc           4%         N/A       71%         1
 Foxfire                  Conj/Fire      8%         2x1d4     71%         1
 Freeze                   Ice            8%         1d3       71%         1
 Kiss of Death            Conj/Necr      8%         2d6       71%         1
 Magic Dart               Conj           8%         1d3       71%         1
 Sandblast                Erth           4%         2d4       71%         1
 Shock                    Conj/Air       8%         1d3       71%         1
 Summon Small Mammal      Summ           8%         N/A       71%         1
 Ignite Poison            Fire/Tmut/Pois 7%         N/A       77%         3
 Call Imp                 Summ           2%         N/A       83%         2
 Cigotuvi's Dreadful Rot  Necr/Pois/Air  4%         N/A       83%         2
 Ensorcelled Hibernation  Hex/Ice        4%         N/A       83%         2
 Poisonous Vapours        Pois/Air       4%         N/A       83%         2
 Searing Ray              Conj           4%         2d4       83%         2
 Static Discharge         Conj/Air       4%         2-3/arc   83%         2
 Sublimation of Blood     Necr           2%         N/A       83%         2
 Blade Hands              Tmut           8%         N/A       87%         5
 Petrify                  Tmut/Erth      10%        N/A       95%         4
 Call Canine Familiar     Summ           2%         N/A       97%         3
 Confusing Touch          Hex            2%         N/A       97%         3
 Dazzling Flash           Conj/Hex       4%         N/A       97%         3
 Frozen Ramparts          Ice            4%         1d1       97%         3
 Gell's Gravitas          Tloc           2%         N/A       97%         3
 Hailstorm                Conj/Ice       2%         3d3       97%         3
 Inner Flame              Hex/Fire       2%         N/A       97%         3
 Kindle Blastsparks       Fire/Tloc/Air  4%         2d10      97%         3
 Mephitic Cloud           Conj/Pois/Air  2%         N/A       97%         3
 Ozocubu's Armour         Ice            2%         N/A       97%         3
 Portal Projectile        Hex/Tloc       4%         N/A       97%         3
 Stone Arrow              Conj/Erth      4%         3d7       97%         3
 Summon Guardian Golem    Hex/Summ       2%         N/A       97%         3
 Swiftness                Air            2%         N/A       97%         3
 Teleport Other           Tloc           2%         N/A       97%         3
 Tukima's Dance           Hex            2%         N/A       97%         3
 Vampiric Draining        Necr           2%         2d6       97%         3
 Vhi's Electric Charge    Tloc/Air       4%         N/A       97%         3
 Airstrike                Air            1%         2d(1-17)  100%        4
 Anguish                  Hex/Necr       1%         N/A       100%        4
 Animate Armour           Summ/Erth      4%         N/A       100%        4
 Animate Dead             Necr           2%         N/A       100%        4
 Cause Fear               Hex            1%         N/A       100%        4
 Dispel Undead            Necr           2%         3d7       100%        4
 Fulminant Prism          Conj/Hex       1%         3d5       100%        4
 Iskenderun's Mystic Bla  Conj/Tloc      2%         2d3       100%        4
 Olgreb's Toxic Radiance  Pois           2%         N/A       100%        4
 Passage of Golubria      Tloc           2%         N/A       100%        4
 Sticky Flame             Conj/Fire      2%         2d3       100%        4
 Summon Ice Beast         Ice/Summ       2%         N/A       100%        4
 Summon Lightning Spire   Summ/Air       2%         N/A       100%        4
 Agony                    Necr           2%         N/A       100%        5
 Alistair's Intoxication  Tmut/Pois      6%         N/A       100%        5
 Arcjolt                  Conj/Air       1%         1d11      100%        5
 Borgnjor's Vile Clutch   Necr/Erth      1%         N/A       100%        5
 Fireball                 Conj/Fire      1%         3d3       100%        5
 Freezing Cloud           Conj/Ice/Air   1%         6-21      100%        5
 Irradiate                Conj/Tmut      5%         3d13      100%        5
 Iskenderun's Battlesphe  Conj           2%         2d6       100%        5
 Lee's Rapid Deconstruct  Erth           1%         3d4*      100%        5
 Lightning Bolt           Conj/Air       1%         1d12      100%        5
 Metabolic Englaciation   Hex/Ice        1%         N/A       100%        5
 Silence                  Hex/Air        1%         N/A       100%        5
 Yara's Violent Unravell  Hex/Tmut       5%         3d4       100%        5
 Conjure Ball Lightning   Conj/Air       1%         3x3d7     100%        6
 Death Channel            Necr           1%         N/A       100%        6
 Dispersal                Tloc           1%         N/A       100%        6
 Eringya's Noxious Bog    Tmut/Pois      5%         N/A       100%        6
 Iron Shot                Conj/Erth      1%         9d1       100%        6
 Simulacrum               Ice/Necr       1%         N/A       100%        6
 Starburst                Conj/Fire      1%         6d3       100%        6
 Summon Cactus Giant      Summ           1%         N/A       100%        6
 Enfeeble                 Hex            1%         N/A       100%        7
 Haunt                    Necr/Summ      1%         N/A       100%        7
 Orb of Destruction       Conj           1%         9d5       100%        7
 Spellforged Servitor     Conj/Summ      1%         N/A       100%        7
 Storm Form               Tmut/Air       5%         N/A       100%        7
 Summon Hydra             Summ           1%         N/A       100%        7
 Discord                  Hex            1%         N/A       100%        8
 Ignition                 Fire           1%         3d3       100%        8
 Lehudib's Crystal Spear  Conj/Erth      1%         10d2      100%        8
 Maxwell's Capacitive Co  Air            1%         ∞         100%        8
 Chain Lightning          Conj/Air       1%         3d1       100%        9
 Fire Storm               Conj/Fire      1%         7d1       100%        9
 Shatter                  Erth           1%         3d5*      100%        9


Dungeon Overview and Level Annotations

Branches:
Dungeon (15/15)            Temple (1/1) D:4            Lair (5/5) D:11
  Swamp (4/4) Lair:2       Spider (4/4) Lair:2        Slime (5/5) Lair:4
    Orc (2/2) D:12            Elf (3/3) Orc:2        Vaults (5/5) D:13
  Crypt (3/3) Vaults:3       Tomb (0/3) Crypt:3      Depths (4/4) D:15
   Hell (visited)             Dis (0/7) Hell            Geh (0/7) Hell
    Coc (0/7) Hell            Tar (0/7) Hell            Zot (5/5) Depths:4
Ossuary (visited)          Bailey (visited)         Volcano (visited)
Desolation (visited)      Gauntlet (visited)

Altars:
Ashenzari
Cheibriados
Dithmenos
Elyvilon
Fedhas
Gozag
Hepliaklqana
Kikubaaqudgha
Makhleb
Nemelex Xobeh
Okawaru
Qazlal
Ru
Sif Muna
Trog
Uskayaw
Vehumet
Wu Jian
Xom
Yredelemnul
Zin
The Shining One
Jiyva
Lugonu

Shops:
D:6 ?   D:7 *   D:9 (   D:12 [   Orc:2 :(([   Elf:1 [([   Vaults:3 *([
Vaults:5 :   Depths:3 !

Portals:
Hell: Depths:1 Depths:2 Depths:3 Depths:4
Abyss: Depths:3 Depths:4
Pandemonium: Depths:2 Depths:4
Ziggurat: Depths:1

Annotations:
Slime:1 corrupted
Slime:5 corrupted
Vaults:5 corrupted
Crypt:1 corrupted
Crypt:2 corrupted
Depths:4 corrupted
Hell corrupted
Zot:3 corrupted
Zot:4 corrupted
Zot:5 corrupted


Innate Abilities, Weirdness & Mutations

Armour fits poorly on your strangely shaped body.
Your flesh is heat resistant. (rF+)
You are frail. (-10% HP)
You are strong-willed. (Will+)
You occasionally shout uncontrollably at your foes.
Your muscles are strong. (Str +4, Int/Dex -1)
You occasionally lose the ability to drink potions when taking damage.


Message History

The Killer Klown blinks!
Something grabs the Killer Klown.
The Killer Klown is constricted.
The orb of fire glows red.
The bolt of fire hits the apocalypse crab!
The apocalypse crab resists.
The bolt of fire hits the quicksilver dragon!!!
The bolt of fire misses your butterfly.
The bolt of fire hits your butterfly!!!!
Your butterfly dies!
Your butterfly disappears in a burst of colours!
The bolt of fire hits your butterfly!!!
Your butterfly dies!
Your butterfly disappears in a burst of colours!
The bolt of fire hits you! You resist.
* * * LOW HITPOINT WARNING * * *
The quasit closely misses your butterfly.
The quasit claws your butterfly.
Your butterfly dies!
Your butterfly disappears in a burst of colours!
The purple draconian shifter breathes dispelling energy at you.
The bolt of dispelling energy hits the starcursed mass!!
The starcursed mass is destroyed!
The starcursed mass disappears in a puff of smoke!
The bolt of dispelling energy hits the large abomination!!!
The bolt of dispelling energy hits your butterfly!!
Your butterfly dies!
Your butterfly disappears in a burst of colours!
The bolt of dispelling energy hits you!!!
* * * LOW HITPOINT WARNING * * *
The bolt of dispelling energy hits your butterfly!!
Your butterfly dies!
Your butterfly disappears in a burst of colours!
The Killer Klown struggles to escape constriction.
The electric golem hurls lightning at you.
The bolt of lightning misses the spriggan defender skeleton.
The bolt of lightning hits your butterfly!!!
Your butterfly dies!
Your butterfly disappears in a burst of colours!
The bolt of lightning hits you! You resist.
You die...

****▓▓▓▓▓▓▓▓▓▓▓
****,,,......bb..▓▓▓▓
***,,,,,^..^b.b.bb.b..▓▓
*,,,,,^,,p.....b.bbb...▓*
,,,,,,,,,...bbb.bbbbbbb.*
,,,,,,,,,...bbbb@bb.....*
,,,,,,,,,...#....bbbb..▓*
,,,,,,,,.9.Z.bbb......▓▓
,,,,,,,.p.##§○bb5.#bb▓▓
,,,,,,,..3..D.bXxDX..#▓▓
,,,,,,,.§...##SX5t§Y...▓▓
,,,,,,,9#.§.X.SxdX*q....▓
,,,,,,,....X.X.5xXXp....▓
*,,^,,,..p.#X...X)w....▓▓


You could see an orb of fire, 2 Killer Klowns, an electric golem, a storm dragon
(misshapen, corroded), a purple draconian shifter (catching breath), a neutral
hellephant (summoned, distracted, ally target), 5 neutral starcursed masses, a
neutral purple draconian (summoned, distracted), a neutral quicksilver dragon
(summoned, distracted, ally target), a neutral tentacled starspawn (summoned,
distracted, corroded), a neutral apocalypse crab (summoned, distracted), a
neutral large abomination (summoned, distracted, ally target), a neutral
worldbinder (summoned, distracted), 2 neutral black mambas, 2 neutral small
abominations, a neutral iron imp (summoned, distracted), a neutral quasit
(summoned, distracted), a neutral white imp (summoned, distracted) and a neutral
spriggan defender skeleton (summoned, distracted, corroded).

Vanquished Creatures
  the Royal Jelly (Slime:5)
  A dread lich (Vaults:5)
  2 orbs of fire
  The ghost of Akugygoc the Axe Maniac, a legendary MiFi of Okawaru (Zot:2)
  The ghost of Zeaxzic Paph the Slayer, a veteran OgBe of Trog (Zot:4)
  Boris (twice) (Crypt:1 Crypt:3)
  Frederick (Vaults:2)
  Vv (Zot:2)
  Margery (Vaults:4)
  Saint Roka (Orc:2)
  7 golden dragons
  Geryon (Hell)
  Arachne (Spider:4)
  Nikola (Vaults:1)
  3 electric golems
  A shard shrike zombie (Crypt:2)
  3 bone dragons
  2 walking crystal tomes (Depths:2)
  Jorgrun (Orc:2)
  10 tentacled monstrosities
  A walking earthen tome (Depths:3)
  2 liches
  8 Orb Guardians (Zot:5)
  A walking frostbound tome (Depths:3)
  4 titans (Vaults:5)
  5 deep elf blademasters
  3 quicksilver dragons
  2 death cobs
  2 deep elf master archers (Elf:3)
  2 tentacled starspawn (Abyss:3)
  4 ancient champions
  18 acid blobs
  4 sphinxes
  Gastronok (Lair:1)
  A fenstrider witch (Swamp:4)
  8 shadow dragons
  5 draconian monks
  12 tengu reavers
  11 storm dragons
  3 revenants
  2 draconian knights
  10 azure jellies
  11 rockslimes
  8 fire giants
  The ghost of Grant146 the Executioner, a journeyman MiBe of Trog (Orc:1)
  8 frost giants
  7 deep elf sorcerers
  2 imperial myrmidons (Desolation)
  14 vault wardens
  2 iron dragons
  2 emperor scorpions (Spider:1)
  4 curse skulls
  3 ghost moths
  10 draconian scorchers
  A draconian shifter (Zot:3)
  7 deep elf elementalists
  2 draconian stormcallers
  21 ironbound preservers
  14 quicksilver oozes
  39 very ugly things
  A spriggan defender (Depths:2)
  The ghost of arthad the Geomancer, a journeyman GrEE of Vehumet (D:15)
  13 ghouls
  12 stone giants
  2 war gargoyles (Vaults:5)
  3 draconian annihilators
  A reaper (Hell)
  Nessos (D:13)
  11 deep elf demonologists
  9 deep elf annihilators
  16 dire elephants
  3 vampire knights
  2 bunyips
  4 green draconians
  4 eleionomae
  9 ironbound thunderhulks
  11 black draconians
  9 yellow draconians
  2 halazid warlocks (Desolation)
  A minotaur (Gauntlet)
  5 white draconians
  11 purple draconians
  A putrid mouth (Hell)
  6 red draconians
  7 spark wasps
  3 crystal guardians
  2 spectral quicksilver dragons (Crypt:3)
  10 ettins
  9 jiangshi
  6 eidola (Crypt:3)
  7 deep elf death magi
  12 great orbs of eyes
  Josephine (D:13)
  6 entropy weavers
  6 fire dragons
  A spectral fenstrider witch (Crypt:3)
  12 yaktaur captains
  7 ragged hierophants (Desolation)
  4 spectral spriggans (Crypt:3)
  A shambling mangrove (Abyss:3)
  A deep elf high priest (Depths:4)
  18 hydras
  8 servants of whispers (Desolation)
  28 vault guards
  5 rakshasas
  4 ice dragons
  7 peacekeepers
  7 ironbound frosthearts
  A fenstrider witch zombie (Crypt:3)
  2 radroaches
  5 jorogumos (Spider:4)
  2 spriggan air magi
  A hell beast (Hell)
  A ghost crab (Swamp:1)
  A juggernaut simulacrum (Crypt:3)
  2 ogre magi
  11 two-headed ogres
  12 centaur warriors
  5 catoblepae
  4 deep troll shamans
  2 death yaks (Lair:5)
  A satyr (Abyss:3)
  A fenstrider witch skeleton (Crypt:3)
  A two-headed ogre (shapeshifter) (Vaults:5)
  37 dancing weapons
  6 boulder beetles
  7 alligators
  4 vampire magi
  3 spectral dire elephants (Crypt:3)
  5 spectral storm dragons (Crypt:3)
  6 tengu warriors
  3 hell hogs (Hell)
  3 thrashing horrors
  2 orc high priests
  2 spriggan berserkers
  A titan zombie (Crypt:3)
  2 soul eaters
  Sonja (D:10)
  21 deep elf knights
  A storm dragon zombie (Crypt:1)
  2 sun demons (Hell)
  6 deep troll earth magi
  7 hell knights
  A fire crab (Gauntlet)
  6 shadow wraiths
  Amaemon (Lair:2)
  15 flayed ghosts
  2 spectral bunyips (Crypt:3)
  A storm dragon skeleton (Crypt:1)
  61 deep trolls
  6 iron trolls
  11 skeletal warriors
  A sun moth (Spider:1)
  A salamander mystic (Depths:3)
  4 goliath frogs
  3 steelbarb worms
  7 pharaoh ants
  A glowing orange brain (shapeshifter) (Depths:3)
  A spectral iron dragon (Crypt:3)
  An anaconda zombie (Hell)
  11 bog bodies
  11 orb spiders
  An obsidian statue (Vaults:1)
  5 lindwurms
  A shadow demon (Hell)
  4 spriggan druids
  13 swamp dragons
  2 starcursed masses (Abyss:1)
  8 phantasmal warriors
  7 glowing orange brains
  17 ironbound convokers
  An anaconda skeleton (Hell)
  A spriggan simulacrum (Crypt:3)
  An iron giant skeleton (Crypt:2)
  8 wizards
  27 deep elf zephyrmancers
  5 harpies (Vaults:2)
  6 necromancers
  13 deep elf archers
  A broodmother zombie (Crypt:3)
  A spectral ettin (Crypt:3)
  2 shining eyes
  3 orc knights
  15 wolf spiders
  3 cyclopes
  41 deep elf pyromancers
  3 orc sorcerers
  3 will-o-the-wisps
  3 manticores
  3 salamanders (Depths:3)
  A manticore (shapeshifter) (Depths:2)
  18 moths of wrath
  A goliath frog skeleton (Crypt:1)
  33 ugly things
  5 worldbinders (Abyss:3)
  A spectral alligator snapping turtle (Crypt:3)
  19 elephants (Lair:5)
  A spectral centaur (Crypt:3)
  3 smoke demons
  A naga zombie (Crypt:1)
  A black mamba (Lair:2)
  11 vault sentinels
  A dire elephant zombie (Crypt:1)
  5 cane toads
  An ice statue (Gauntlet)
  2 water nymphs (Abyss:3)
  A guardian serpent (Desolation)
  6 torpor snails
  2 orange demons
  A black mamba (shapeshifter) (D:13)
  3 eyes of devastation
  A gargoyle (D:13)
  11 demonic crawlers
  A pale draconian zombie (Crypt:2)
  A rime drake (shapeshifter) (Elf:2)
  19 rime drakes
  2 molten gargoyles (Volcano)
  A shock serpent skeleton (Crypt:1)
  28 yaktaurs
  8 komodo dragons
  2 efreet
  A kobold demonologist (Bailey)
  4 guardian mummies
  3 ice devils (Hell)
  13 freezing wraiths
  4 tengu conjurers
  A hydra zombie (Crypt:2)
  A red draconian skeleton (Crypt:2)
  8 trolls
  4 tyrant leeches
  2 polar bears (Lair:1)
  13 meliai
  2 queen bees (shapeshifter)
  49 saltlings (Desolation)
  8 blink frogs
  117 slime creatures
  17 tarantellas
  11 hornets
  An ice dragon zombie (Crypt:2)
  2 stone giant simulacra (Crypt:3)
  A harpy skeleton (Crypt:1)
  3 raiju (Abyss:3)
  41 jumping spiders
  A ynoxinul (Abyss:1)
  22 culicivoras
  A vampire (D:14)
  A culicivora (shapeshifter) (Elf:1)
  A shadow (D:12)
  10 spriggans
  A jumping spider (shapeshifter) (Depths:4)
  A flying skull (Vaults:3)
  10 wraiths
  60 yaks
  7 water elementals
  2 air elementals (Elf:2)
  2 wyverns (D:10)
  A naga simulacrum (Crypt:3)
  An alligator skeleton (Crypt:3)
  2 fire elementals
  4 fire bats
  18 golden eyes
  11 steam dragons
  Eustachio (D:6)
  A tyrant leech zombie (Crypt:1)
  A basilisk (D:15)
  33 redbacks
  15 vampire mosquitoes
  A large abomination (Abyss:1)
  11 swamp worms
  6 wargs
  2 harpy simulacra
  A glowing shapeshifter zombie (Crypt:1)
  18 water moccasins
  Edmund (D:4)
  2 floating eyes
  6 swamp drakes (Swamp:4)
  A swamp drake (shapeshifter) (Depths:3)
  41 orc warriors
  2 ice beasts (D:5)
  A black bear (D:8)
  5 ogres
  A cane toad skeleton (Crypt:3)
  13 wolves
  A wolf (shapeshifter) (Depths:3)
  16 centaurs
  5 boggarts (Vaults:1)
  A rime drake zombie (Crypt:2)
  9 kobold brigands
  2 elf zombies
  6 bullfrogs
  A yaktaur skeleton (Crypt:3)
  A komodo dragon skeleton (Crypt:1)
  5 necrophages
  4 earth elementals
  3 gnoll sergeants
  2 scorpions
  10 killer bees
  11 electric eels
  3 howler monkeys
  4 centaur zombies
  A crimson imp (Abyss:1)
  2 lava snakes (Volcano)
  2 jellies
  7 hounds
  A gnoll bouda (D:8)
  25 orc priests
  An iron imp (Abyss:3)
  Ijyb (D:3)
  5 iguanas
  29 orc wizards
  2 small abominations (Abyss:3)
  An acid dragon zombie (Crypt:1)
  2 ogre zombies (Ossuary)
  A tengu zombie (Crypt:2)
  A hound skeleton (Crypt:3)
  7 mummies (Ossuary)
  25 gnolls
  10 adders
  A shadow imp (D:6)
  3 white imps
  2 ufetubi (D:5)
  8 adder zombies (Ossuary)
  An iguana zombie (Crypt:3)
  4 worms
  2 dart slugs
  106 orcs
  12 endoplasms
  2 giant cockroaches (D:1)
  A gnoll zombie (Ossuary)
  15 goblins
  12 hobgoblins
  3 jackals
  44 kobolds
  2 quokkas
  9 ball pythons
  3 bats
  A frilled lizard skeleton (Crypt:2)
  7 goblin zombies (Ossuary)
  A hobgoblin skeleton (Crypt:2)
  3 hobgoblin zombies (Ossuary)
  4 quokka zombies (Ossuary)
  4 rats
  A rat zombie (Ossuary)
2405 creatures vanquished.

Vanquished Creatures (collateral kills)
  Louise (D:14)
  A hydra (Swamp:4)
  A swamp drake (Swamp:4)
3 creatures vanquished.

Vanquished Creatures (others)
  An ancient lich (Crypt:2)
  A juggernaut (Depths:4)
  2 Killer Klowns (Zot:5)
  A curse toe (Zot:4)
  2 golden dragons
  2 doom hounds (Depths:3)
  A tentacled monstrosity (Zot:4)
  A lich (Depths:3)
  An Orb Guardian (Zot:5)
  A titan (Depths:3)
  Grunn (Depths:3)
  2 quicksilver dragons
  Murray (Hell)
  A death cob (Zot:2)
  6 acid blobs
  An ancient champion (Crypt:2)
  A sphinx (Depths:3)
  A thorn hunter (Swamp:4)
  3 storm dragons
  5 rockslimes
  A shadow dragon (Zot:3)
  6 azure jellies
  A draconian monk (Zot:3)
  A draconian scorcher (Zot:3)
  3 fire giants
  An iron dragon (Depths:3)
  3 draconian stormcallers (Zot:3)
  5 draconian shifters
  3 reapers (Hell)
  6 draconian annihilators
  A spriggan defender (Depths:3)
  3 quicksilver oozes
  A vampire knight (Crypt:2)
  A black draconian (Zot:3)
  A green draconian (Zot:3)
  4 white draconians
  A purple draconian (Zot:3)
  A putrid mouth (Hell)
  A yellow draconian (Zot:3)
  A lorocyproca (Hell)
  A bunyip (Swamp:2)
  An iron golem (Hell)
  A spark wasp (Spider:2)
  3 eidola
  A crystal guardian (Hell)
  A blizzard demon (Hell)
  2 jiangshi
  A great orb of eyes (Slime:5)
  An ice dragon (Depths:3)
  2 hell beasts (Hell)
  2 hydras
  2 spriggan air magi
  A deep troll shaman (Depths:4)
  A death knight (Crypt:1)
  A two-headed ogre (D:14)
  A hell hog (Hell)
  A vampire mage (Crypt:1)
  A soul eater (Hell)
  A death yak (Lair:5)
  5 hell knights (Hell)
  3 iron trolls (Hell)
  6 sun demons (Hell)
  2 crystal echidnas (Hell)
  4 skeletal warriors (Crypt:1)
  A flayed ghost (Hell)
  2 pharaoh ants
  An anaconda zombie (Hell)
  2 deep trolls (Depths:4)
  A swamp dragon (Swamp:4)
  An orange crystal statue (Hell)
  4 phantasmal warriors
  An orb spider (Spider:4)
  2 deep elf zephyrmancers
  3 necromancers
  A goliath frog skeleton (Crypt:1)
  4 shining eyes
  7 moths of wrath
  A black mamba (shapeshifter) (D:15)
  3 molten gargoyles (Hell)
  3 torpor snails
  An elephant (Lair:5)
  7 smoke demons (Hell)
  2 hellions
  A dire elephant skeleton (Crypt:1)
  A freezing wraith (Crypt:1)
  A demonic crawler (Hell)
  5 ice devils (Hell)
  A hydra zombie (Hell)
  A yaktaur (D:15)
  A red devil (Hell)
  A meliai (Spider:3)
  5 bloated husks
  A hornet (Depths:4)
  7 slime creatures
  A hydra skeleton (Hell)
  A saltling (Desolation)
  A tarantella (Spider:4)
  An ettin zombie (Crypt:1)
  3 alligator zombies (Hell)
  A shadow (D:13)
  A culicivora (Spider:4)
  4 jumping spiders
  2 yaks (Lair:5)
  A water elemental (Depths:3)
  4 wraiths (Crypt:1)
  2 spriggans
  A steam dragon (Lair:2)
  4 redbacks
  2 swamp worms
  A warg (Vaults:5)
  2 hydra simulacra (Hell)
  A jelly (Lair:4)
  2 orcs (Vaults:5)
  An endoplasm (Lair:4)
  A quokka zombie (Crypt:1)
  10 bushes (D:14)
  4 demonic plants (Gauntlet)
  12 foxfires
  20 fungi
  75 plants
  50 starspawn tentacles
  3 withered plants
408 creatures vanquished.

Grand Total: 2816 creatures vanquished

Notes
Turn   | Place    | Note
-------+----------+-------------------------------------------
     0 | D:1      | Khashishi the Human Fighter began the quest for the Orb.
     0 | D:1      | Reached XP level 1. HP: 18/18 MP: 1/1
    40 | D:1      | Reached XP level 2. HP: 24/24 MP: 2/2
    82 | D:1      | You fall into a shaft and drop 1 floor!
   171 | D:2      | Found an iron altar of Okawaru.
   266 | D:1      | Reached XP level 3. HP: 18/29 MP: 3/3
   899 | D:2      | Identified the +1 cloak of Patterns {Slay+3}
   918 | D:2      | Reached XP level 4. HP: 35/35 MP: 4/4
  1184 | D:3      | Found a bloodstained altar of Trog.
  1451 | D:3      | Noticed Ijyb
  1456 | D:3      | Paralysed by Ijyb for 4 turns
  1462 | D:3      | Paralysed by Ijyb for 5 turns
  1467 | D:3      | Killed Ijyb
  1468 | D:3      | Reached XP level 5. HP: 42/42 MP: 5/5
  1720 | D:3      | Found a stormy altar of Qazlal.
  2115 | D:4      | Identified the +4 hand axe of Daxuel {flame, rCorr}
  2239 | D:4      | Reached skill level 1 in Axes
  2239 | D:4      | Reached XP level 6. HP: 47/48 MP: 6/6
  2239 | D:4      | Found a staircase to the Ecumenical Temple.
  2254 | Temple   | Entered the Ecumenical Temple
  2573 | Temple   | Became a worshipper of Elyvilon the Healer
  2770 | D:4      | Noticed Edmund
  2786 | D:4      | Killed Edmund
  2787 | D:4      | Reached skill level 1 in Invocations
  2787 | D:4      | Reached XP level 7. HP: 46/55 MP: 7/7
  3187 | D:5      | Entered Level 5 of the Dungeon
  3201 | D:5      | Reached skill level 2 in Invocations
  3287 | D:5      | Reached * piety under Elyvilon
  3398 | D:5      | Found a sand-covered staircase.
  3416 | Ossuary  | Entered an ossuary
  3466 | Ossuary  | Reached XP level 8. HP: 61/61 MP: 9/9
  3475 | Ossuary  | Reached skill level 5 in Fighting
  3481 | Ossuary  | Reached skill level 5 in Shields
  3489 | Ossuary  | Reached skill level 5 in Armour
  3554 | Ossuary  | Reached skill level 3 in Invocations
  4453 | D:5      | Reached XP level 9. HP: 63/69 MP: 9/11
  4458 | D:5      | Reached skill level 1 in Dodging
  4494 | D:5      | Reached skill level 4 in Invocations
  4602 | D:6      | Noticed Eustachio
  4613 | D:6      | Killed Eustachio
  4638 | D:5      | Reached ** piety under Elyvilon
  5249 | D:6      | Found Ceproir's Magic Scroll Emporium.
  5369 | D:7      | Identified a scroll of acquirement
  5369 | D:7      | Acquired the +9 eveningstar of the Shrieking God {venom,
                  | Will+ Stlth+}
  5499 | D:7      | Reached skill level 5 in Maces & Flails
  5559 | D:7      | Found Jashusa's Assorted Antiques.
  5567 | D:7      | Bought a scroll labelled WASCHA HYIKUNA for 20 gold pieces
  5567 | D:7      | Bought a scroll labelled ZUUMUE AMPY for 20 gold pieces
  5567 | D:7      | Bought a runed iron ring for 100 gold pieces
  5740 | D:7      | Found a flagged portal.
  5752 | Bailey   | Entered a bailey
  5777 | Bailey   | Reached skill level 5 in Invocations
  5865 | Bailey   | Reached XP level 10. HP: 75/77 MP: 13/13
  5937 | Bailey   | Noticed a kobold demonologist
  5944 | Bailey   | Killed a kobold demonologist
  5963 | Bailey   | Acquired 798 gold pieces
  5979 | Bailey   | Found an iron altar of Okawaru.
  5979 | Bailey   | Noticed an orc sorcerer
  6034 | Bailey   | Noticed an orc knight
  6045 | Bailey   | Killed an orc knight
  6046 | Bailey   | Reached skill level 6 in Invocations
  6139 | Bailey   | Noticed an ice devil
  6141 | Bailey   | Killed an orc sorcerer
  6148 | Bailey   | Found the +4 moon troll leather armour {Spirit, Regen++
                  | MP+5}
  6434 | D:7      | Reached *** piety under Elyvilon
  6725 | D:6      | Bought a scroll of acquirement for 624 gold pieces
  6911 | D:8      | Reached XP level 11. HP: 84/84 MP: 15/15
  7443 | D:9      | Reached **** piety under Elyvilon
  7625 | D:9      | Found Poustiu's Weapon Shop.
  7856 | D:10     | Entered Level 10 of the Dungeon
  7856 | D:10     | Reached ***** piety under Elyvilon
  7874 | D:10     | Reached skill level 5 in Dodging
  7917 | D:10     | Reached skill level 7 in Invocations
  8436 | D:10     | Noticed Sonja
  8444 | D:10     | Killed Sonja
  8551 | D:10     | Noticed a two-headed ogre
  8560 | D:10     | Killed a two-headed ogre
  8716 | D:11     | Noticed a boulder beetle
  8722 | D:11     | Killed a boulder beetle
  8820 | D:11     | Noticed a two-headed ogre
  8823 | D:11     | Noticed a boulder beetle
  8832 | D:11     | Killed a two-headed ogre
  8851 | D:11     | Killed a boulder beetle
  8852 | D:11     | Reached XP level 12. HP: 94/94 MP: 17/17
  8960 | D:11     | Found a staircase to the Lair.
  9071 | D:11     | Noticed a two-headed ogre
  9078 | D:11     | Killed a two-headed ogre
  9079 | D:11     | Reached skill level 8 in Invocations
  9467 | Lair:1   | Entered Level 1 of the Lair of Beasts
  9468 | Lair:1   | Acquired 686 gold pieces
  9532 | Lair:1   | Noticed Gastronok
  9548 | Lair:1   | Killed Gastronok
  9926 | Lair:1   | Reached ****** piety under Elyvilon
 10262 | Lair:2   | Noticed Amaemon
 10305 | Lair:2   | Found a staircase to the Swamp.
 10410 | Lair:2   | Found a hole to the Spider Nest.
 10452 | Lair:2   | Reached skill level 9 in Invocations
 10481 | Lair:2   | Reached XP level 13. HP: 38/101 MP: 3/19
 10575 | Lair:2   | Identified the ring of the Endless Expanse {rF+ Will+
                  | Dex+6}
 10907 | Lair:2   | Killed Amaemon
 11394 | Lair:3   | Noticed a catoblepas
 11405 | Lair:3   | Killed a catoblepas
 11474 | Lair:3   | Reached skill level 10 in Invocations
 11870 | Lair:4   | Reached skill level 10 in Maces & Flails
 11885 | Lair:4   | Found a gate leading to a gauntlet.
 11895 | Gauntlet | Entered a Gauntlet
 11895 | Gauntlet | Found a transporter.
 11895 | Gauntlet | Found a transporter.
 11899 | Gauntlet | Found a transporter.
 11903 | Gauntlet | Found a transporter.
 11909 | Gauntlet | Found a transporter.
 11926 | Gauntlet | Found a transporter.
 11927 | Gauntlet | Found a transporter.
 11936 | Gauntlet | Found a transporter.
 11936 | Gauntlet | Found a transporter.
 11936 | Gauntlet | Found the +1 cloak of Starlight {*Dazzle EV+4 Stlth--}
 11962 | Gauntlet | Found a transporter.
 11982 | Gauntlet | Found a transporter.
 12039 | Gauntlet | Found a transporter.
 12053 | Gauntlet | Found a transporter.
 12148 | Gauntlet | Found a transporter.
 12161 | Gauntlet | Found a transporter.
 12175 | Gauntlet | Found a transporter.
 12356 | Gauntlet | Identified the ring "Okioxt" {rPois Will+}
 12372 | Gauntlet | Noticed a minotaur
 12389 | Gauntlet | Killed a minotaur
 12428 | Lair:4   | Found a dark tunnel.
 12442 | Volcano  | Entered a volcano
 12459 | Volcano  | Acquired the +0 pair of gloves "Kise" {rC+ Str+2}
 12518 | Volcano  | Found a radiant altar of Vehumet.
 12518 | Volcano  | Noticed an ogre mage
 12528 | Volcano  | Killed an ogre mage
 12547 | Volcano  | Reached skill level 10 in Shields
 12547 | Volcano  | Reached XP level 14. HP: 109/109 MP: 22/22
 12599 | Volcano  | Reached skill level 10 in Fighting
 12599 | Volcano  | Reached skill level 11 in Invocations
 12681 | Lair:4   | Reached skill level 10 in Armour
 12751 | Lair:4   | Found a staircase to the Slime Pits.
 12755 | Lair:4   | Found a viscous altar of Jiyva.
 12763 | Lair:4   | Upgraded the game from 0.30-a0-475-g03497ec522 to
                  | 0.30-a0-476-g330ca2eb8e
 13258 | Lair:5   | Entered Level 5 of the Lair of Beasts
 13529 | Lair:5   | Reached skill level 12 in Invocations
 13987 | Lair:5   | Reached XP level 15. HP: 106/117 MP: 23/24
 14525 | Swamp:1  | Entered Level 1 of the Swamp
 14638 | Swamp:1  | Reached skill level 13 in Invocations
 14638 | Swamp:1  | Noticed a thorn hunter
 14640 | Swamp:1  | Pacified a thorn hunter
 15187 | Swamp:2  | Found the ring of the Octopus King
 15192 | Swamp:2  | Identified a ring of the Octopus King {rF+ HP+2 AC+2 EV+2
                  | SH+2}
 15272 | Swamp:2  | Reached skill level 1 in Stealth
 15282 | Swamp:2  | Reached skill level 1 in Evocations
 15326 | Swamp:2  | Reached skill level 1 in Spellcasting
 15385 | Swamp:2  | Reached XP level 16. HP: 112/126 MP: 20/26
 16209 | Swamp:3  | Reached skill level 14 in Invocations
 16334 | Swamp:4  | Entered Level 4 of the Swamp
 16339 | Swamp:4  | Noticed a thorn hunter
 16343 | Swamp:4  | Pacified a thorn hunter
 16356 | Swamp:4  | Killed a thorn hunter
 16453 | Swamp:4  | Got a decaying rune of Zot
 16770 | Swamp:4  | Learned a level 2 spell: Wereblood
 16815 | Swamp:4  | Noticed a fenstrider witch
 16824 | Swamp:4  | Killed a fenstrider witch
 16982 | Spider:1 | Entered Level 1 of the Spider Nest
 17186 | Spider:1 | Reached skill level 1 in Transmutations
 17194 | Spider:1 | Noticed an emperor scorpion
 17210 | Spider:1 | Killed an emperor scorpion
 17223 | Spider:1 | Reached XP level 17. HP: 133/133 MP: 21/27
 18747 | Spider:2 | Reached skill level 15 in Invocations
 19282 | Spider:2 | Reached skill level 1 in Throwing
 20331 | Spider:3 | Reached skill level 15 in Maces & Flails
 20563 | Spider:4 | Entered Level 4 of the Spider Nest
 20708 | Spider:4 | Reached XP level 18. HP: 65/136 MP: 10/29
 20797 | Spider:4 | Paralysed by a jorogumo for 3 turns
 20825 | Spider:4 | Noticed Arachne
 21008 | Spider:4 | Killed Arachne
 21167 | Spider:4 | Got a gossamer rune of Zot
 21694 | Spider:4 | Reached skill level 10 in Dodging
 22237 | D:12     | Found Ahua's Antique Armour Shoppe.
 22241 | D:12     | Bought a pair of embroidered boots for 210 gold pieces
 22301 | D:12     | Found a staircase to the Orcish Mines.
 22337 | Orc:1    | Entered Level 1 of the Orcish Mines
 22343 | Orc:1    | Reached skill level 5 in Transmutations
 22415 | Orc:1    | Found a runed translucent door.
 22415 | Orc:1    | Noticed Grant146's ghost (journeyman MiBe)
 22433 | Orc:1    | Killed Grant146's ghost
 22438 | Orc:1    | Identified the +5 shortbow "Welut" {vorpal, Contam Fly
                  | rElec}
 22849 | Orc:2    | Entered Level 2 of the Orcish Mines
 23126 | Orc:2    | Noticed Jorgrun
 23142 | Orc:2    | Killed Jorgrun
 23193 | Orc:2    | Noticed Saint Roka
 23413 | Orc:2    | Found a staircase to the Elven Halls.
 23519 | Orc:2    | Found Ezxuzevuqith's Book Shop.
 23545 | Orc:2    | Killed Saint Roka
 23725 | Orc:2    | Found Diffusmau's Antique Armour Shoppe.
 23729 | Orc:2    | Found Kyrinn's Antique Weapon Emporium.
 23734 | Orc:2    | Bought a translucent war axe for 238 gold pieces
 23734 | Orc:2    | Identified the +5 war axe "Mietykifu" {venom, rPois rC+
                  | rN+} (You bought it in a shop on level 2 of the Orcish
                  | Mines)
 23802 | Orc:2    | Found Nopt's Weapon Boutique.
 24382 | D:13     | Noticed Josephine
 24393 | D:13     | Killed Josephine
 24480 | D:13     | Found a gate to the Vaults.
 24573 | D:13     | Reached skill level 16 in Invocations
 24573 | D:13     | Reached XP level 19. HP: 149/149 MP: 31/31
 24861 | D:13     | Found a blossoming altar of Fedhas.
 24928 | D:13     | Noticed Nessos
 24935 | D:13     | Killed Nessos
 25186 | D:14     | Identified the +1 tower shield of the Mackerel {Rampage
                  | Will+ Regen+}
 25186 | D:14     | Noticed Louise
 25194 | D:14     | Killed Louise
 25325 | D:14     | Found a glowing silver altar of Zin.
 25810 | D:15     | Entered Level 15 of the Dungeon
 26002 | D:15     | Found a runed translucent gate.
 26002 | D:15     | Found a runed translucent gate.
 26002 | D:15     | Found a runed translucent gate.
 26008 | D:15     | Found an opulent altar of Gozag.
 26017 | D:15     | Noticed arthad's ghost (journeyman GrEE)
 26049 | D:15     | Killed arthad's ghost
 26136 | D:15     | Found a staircase to the Depths.
 26159 | D:15     | Found a hide-covered altar of Uskayaw.
 26595 | Depths:1 | Entered Level 1 of the Depths
 26658 | Depths:1 | Found a one-way gateway to a ziggurat.
 26797 | Depths:1 | Noticed a lich
 26811 | Depths:1 | Killed a lich
 27083 | Depths:1 | Found a gateway to Hell.
 27226 | Depths:1 | Reached skill level 17 in Invocations
 27253 | Depths:1 | Reached XP level 20. HP: 160/160 MP: 23/32
 28170 | Depths:2 | Found a one-way gate leading to the halls of Pandemonium.
 28348 | Depths:2 | Noticed a walking crystal tome
 28348 | Depths:2 | Noticed a walking crystal tome
 28376 | Depths:2 | Killed a walking crystal tome
 28376 | Depths:2 | Noticed a golden dragon
 28377 | Depths:2 | Pacified a golden dragon
 28381 | Depths:2 | Killed a golden dragon
 28389 | Depths:2 | Killed a walking crystal tome
 28731 | Depths:2 | Reached skill level 15 in Fighting
 28889 | Depths:3 | Noticed a doom hound
 28891 | Depths:3 | Pacified a doom hound
 28891 | Depths:3 | Noticed a doom hound
 28892 | Depths:3 | Pacified a doom hound
 28893 | Depths:3 | Noticed a doom hound
 28895 | Depths:3 | Noticed a caustic shrike
 28895 | Depths:3 | Killed a doom hound
 28896 | Depths:3 | Pacified a doom hound
 28897 | Depths:3 | Pacified a caustic shrike
 28906 | Depths:3 | Noticed Grunn
 28909 | Depths:3 | Killed Grunn
 28911 | Depths:3 | Killed a doom hound
 29042 | Depths:3 | Noticed a golden dragon
 29057 | Depths:3 | Killed a golden dragon
 29124 | Depths:3 | Noticed a golden dragon
 29127 | Depths:3 | Pacified a golden dragon
 29130 | Depths:3 | Noticed a caustic shrike
 29131 | Depths:3 | Pacified a caustic shrike
 29144 | Depths:3 | Noticed a golden dragon
 29145 | Depths:3 | Pacified a golden dragon
 29154 | Depths:3 | Reached XP level 21. HP: 85/169 MP: 4/33
 29163 | Depths:3 | Reached skill level 18 in Invocations
 29509 | Depths:3 | Found Cerchuem's Distillery.
 29517 | Depths:3 | Bought 2 potions of haste for 280 gold pieces
 29517 | Depths:3 | Bought a potion of heal wounds for 70 gold pieces
 29594 | Depths:3 | Found a corrupted altar of Lugonu.
 29594 | Depths:3 | Found a one-way gate to the infinite horrors of the Abyss.
 29720 | Depths:3 | Got the Guidebook on Companions and the Birds
 29802 | Depths:3 | Fell from the grace of Elyvilon
 29802 | Depths:3 | Became a worshipper of Lugonu the Unformed
 29802 | Depths:3 | Reached * piety under Lugonu
 30065 | Elf:1    | Entered Level 1 of the Elven Halls
 30143 | Elf:1    | Found a portal to a secret trove of treasure.
 30251 | Elf:1    | Reached ** piety under Lugonu
 30607 | Elf:1    | Found Cuhoax's Antique Armour Shoppe.
 30609 | Elf:1    | Found Potzaukh's Antique Weapon Emporium.
 30611 | Elf:1    | Found Ycreogua's Antique Armour Shoppe.
 30615 | Elf:1    | Bought a warped chain mail for 313 gold pieces
 30615 | Elf:1    | Identified the +5 chain mail of Avig {Regen+ Stlth+} (You
                  | bought it in a shop on level 1 of the Elven Halls)
 31082 | Elf:2    | Paralysed by an air elemental for 1 turns
 31088 | Elf:2    | Paralysed by an air elemental for 1 turns
 31091 | Elf:2    | Reached *** piety under Lugonu
 31097 | Elf:2    | Paralysed by an air elemental for 1 turns
 31513 | Elf:2    | Found a runed translucent gate.
 31513 | Elf:2    | Found a runed translucent gate.
 31518 | Elf:2    | Found a runed translucent gate.
 31658 | Elf:2    | Reached skill level 15 in Shields
 31735 | Elf:2    | Reached XP level 22. HP: 127/178 MP: 11/35
 32018 | Elf:3    | Entered Level 3 of the Elven Halls
 32027 | Elf:3    | Reached **** piety under Lugonu
 32155 | Elf:3    | Reached skill level 19 in Invocations
 32565 | Elf:3    | Identified the ring "Qomonome" {rC+ rCorr Int+2 Slay+3}
 32592 | Elf:3    | Reached skill level 15 in Armour
 32977 | Elf:3    | Identified the +0 scale mail of Light {rElec rPois rC+++
                  | MP-9}
 33149 | Elf:3    | Identified the +7 spear of Biyptu Cafimn {speed, Dex+3
                  | SInv}
 33167 | Elf:3    | Identified the ring of Tushisash {rPois rC- rN+ Will+
                  | Dex+3}
 33227 | Elf:3    | Identified the +4 giant spiked club of Fate {pain, rF+
                  | Stlth+}
 33268 | Elf:3    | Got the Compilation of Doom
 33302 | Elf:3    | Identified the +5 longbow of the Dead {flame, +Blink}
 33488 | Vaults:1 | Entered Level 1 of the Vaults
 33891 | Vaults:1 | Reached ***** piety under Lugonu
 34118 | Vaults:1 | Reached XP level 23. HP: 87/188 MP: 6/36
 34363 | Vaults:1 | Noticed Nikola
 34387 | Vaults:1 | Killed Nikola
 34500 | Vaults:1 | Was forgiven by Elyvilon
 34996 | Vaults:2 | Noticed Frederick
 35005 | Vaults:2 | Reached skill level 20 in Invocations
 35366 | Abyss:3  | Got an abyssal rune of Zot
 35407 | Vaults:2 | Escaped the Abyss
 36126 | Vaults:2 | Reached skill level 5 in Stealth
 36538 | Vaults:2 | Killed Frederick
 36626 | Vaults:3 | Reached XP level 24. HP: 197/197 MP: 37/37
 36896 | Vaults:3 | Found a staircase to the Crypt.
 37232 | Vaults:3 | Found Gozag's Assorted Antiques.
 37234 | Vaults:3 | Found an opulent altar of Gozag.
 37247 | Vaults:3 | Found Gozag's Antique Armour Shop.
 37271 | Vaults:3 | Found Gozag's Antique Weapon Shop.
 37928 | Vaults:4 | Acquired the ring of Spontaneous Combustion {rF+ rC+ rN+}
 37931 | Vaults:4 | Acquired the amulet of Pukhlast {Reflect Drain Fly SH+5
                  | Stlth+}
 37991 | Vaults:4 | Found a crumbling gateway.
 38000 | Desolati | Entered the Desolation of Salt
 38265 | Desolati | Identified the ring "Setzubi" {*Slow rCorr Str+6}
 38268 | Desolati | Identified the +6 great mace of Tomorrow {vorpal, rCorr}
 38277 | Desolati | Identified the +0 pair of boots of Antique Knowledge {rN++
                  | Int-2}
 38337 | Desolati | Got the Incunable of Silt and the Dead
 38339 | Desolati | Got Domoarull's Octavo of Lethal Clouds
 38348 | Desolati | Identified the +1 rapier "Acuy" {protect, Int+3}
 38388 | Desolati | Got Niaray's Advanced Guide to the Hermit's Heritage
 38462 | Desolati | Identified the +8 longbow "Moppial" {drain, rF++}
 38473 | Desolati | Reached ****** piety under Lugonu
 38793 | Vaults:4 | Noticed Margery
 38812 | Vaults:4 | Reached skill level 21 in Invocations
 38818 | Vaults:4 | Killed Margery
 39072 | Vaults:4 | Reached XP level 25. HP: 205/205 MP: 37/37
 39690 | Vaults:5 | Entered Level 5 of the Vaults
 39691 | Vaults:5 | Corrupted Vaults:5
 39814 | Vaults:5 | Identified the +12 lajatang "Egod" {venom, rF- rN+ rCorr
                  | Dex+4}
 40040 | Vaults:5 | Noticed a dread lich
 40055 | Vaults:5 | Killed a dread lich
 40105 | Vaults:5 | Got the Atlas of the Toxic Mortuary
 40119 | Vaults:5 | Identified the ring of Equilibrium {Will+ rCorr MP+9 Str+4}
 40368 | Vaults:5 | Found Nudumour's Book Boutique.
 40843 | Vaults:5 | Learned a level 2 spell: Passwall
 40847 | Vaults:5 | Learned a level 3 spell: Lesser Beckoning
 40950 | Vaults:5 | Identified the +8 chain mail "Hichurer" {Rampage rElec
                  | rPois}
 40953 | Vaults:5 | Got a silver rune of Zot
 40974 | Vaults:5 | Identified the +2 dire flail "Xurraof" {vorpal, rC+ Dex+2}
 41097 | Vaults:5 | Reached XP level 26. HP: 211/214 MP: 37/37
 41542 | Crypt:1  | Entered Level 1 of the Crypt
 41555 | Crypt:1  | Corrupted Crypt:1
 41775 | Crypt:1  | Noticed Boris
 41814 | Crypt:1  | Killed Boris
 42507 | Crypt:2  | Reached skill level 22 in Invocations
 42523 | Crypt:2  | Found a transporter.
 43019 | Crypt:2  | Found a transporter.
 43175 | Crypt:2  | Noticed an ancient lich
 43180 | Crypt:2  | Corrupted Crypt:2
 43195 | Crypt:2  | Killed an ancient lich
 43204 | Crypt:2  | Paralysed by a Zot trap for 4 turns
 43228 | Crypt:2  | Paralysed by a Zot trap for 5 turns
 43233 | Crypt:2  | Gained mutation: Armour fits poorly on your strangely
                  | shaped body. [mutagenic glow]
 43249 | Crypt:2  | Lost intelligence.
 43249 | Crypt:2  | Gained mutation: You are dopey. (Int -2) [mutagenic glow]
 43255 | Crypt:2  | Gained mutation: Your body sometimes deteriorates upon
                  | taking damage. [mutagenic glow]
 43397 | D:13     | Lost mutation: Armour fits poorly on your strangely shaped
                  | body. [potion of mutation]
 43397 | D:13     | Lost mutation: You are dopey. (Int -2) [potion of mutation]
 43397 | D:13     | Gained mutation: You are covered in fur. (AC +1) [potion of
                  | mutation]
 43398 | D:13     | Lost mutation: Your body sometimes deteriorates upon taking
                  | damage. [potion of mutation]
 43398 | D:13     | Lost mutation: You are covered in fur. (AC +1) [potion of
                  | mutation]
 43398 | D:13     | Gained mutation: Your body sometimes deteriorates upon
                  | taking damage. [potion of mutation]
 43398 | D:13     | Gained mutation: You are occasionally teleported next to
                  | monsters. [potion of mutation]
 43399 | D:13     | Lost mutation: You are occasionally teleported next to
                  | monsters. [potion of mutation]
 43399 | D:13     | Lost mutation: Your body sometimes deteriorates upon taking
                  | damage. [potion of mutation]
 43399 | D:13     | Gained mutation: You have hidden genetic potential. [potion
                  | of mutation]
 43399 | D:13     | Gained mutation: You have large cloven feet. [potion of
                  | mutation]
 43399 | D:13     | Gained mutation: Potions are less effective at restoring
                  | your health. [potion of mutation]
 43402 | D:13     | Lost mutation: Potions are less effective at restoring your
                  | health. [potion of mutation]
 43402 | D:13     | Lost mutation: You have large cloven feet. [potion of
                  | mutation]
 43402 | D:13     | Gained mutation: Your muscles are strong. (Str +4, Int/Dex
                  | -1) [potion of mutation]
 43402 | D:13     | Gained mutation: Your flesh is heat resistant. (rF+)
                  | [potion of mutation]
 43402 | D:13     | Gained mutation: You are frail. (-10% HP) [potion of
                  | mutation]
 43894 | Crypt:2  | Identified the ring "Quelesm" {Fire rElec SInv}
 43902 | Crypt:2  | Identified the ring of Ope Dian {+Blink rF+ rN+ Str+2}
 43979 | Crypt:3  | Entered Level 3 of the Crypt
 44222 | Crypt:3  | Noticed Boris
 44234 | Crypt:3  | Killed Boris
 44237 | Crypt:3  | Found a staircase to the Tomb.
 44849 | Crypt:3  | Reached skill level 5 in Axes
 45435 | Crypt:3  | Identified the +8 mace of Equivalence {freeze, *Noise rF++
                  | rN+++ Will-}
 45602 | Crypt:3  | Found the +8 whip "Snakebite" {venom, curare, rPois}
 45620 | Crypt:3  | Identified the ring of Itucoqypt {rPois rF+ Will+ SInv}
 45643 | Crypt:3  | Identified the +6 trident "Elaow" {holy, rElec Will++}
 45644 | Crypt:3  | Identified the +3 long sword "Zyupiado" {elec, Int+4}
 45973 | Depths:3 | Reached XP level 27. HP: 175/201 MP: 38/38
 46359 | Depths:4 | Entered Level 4 of the Depths
 46968 | Depths:4 | Noticed a juggernaut
 46972 | Depths:4 | Corrupted Depths:4
 46984 | Depths:4 | Killed a juggernaut
 47267 | Depths:4 | Found a sparkling altar of Nemelex Xobeh.
 47383 | Depths:4 | Found a gate to the Realm of Zot.
 47413 | Depths:4 | Gained mutation: Your mind is acute. (Int +4, Str/Dex -1)
                  | [hidden potential]
 47795 | Hell     | Entered the Vestibule of Hell
 47795 | Hell     | Noticed Geryon
 47804 | Hell     | Corrupted Hell
 47810 | Hell     | Killed Geryon
 47823 | Hell     | Found a gateway to the ashen valley of Gehenna.
 47855 | Hell     | Noticed Murray
 47876 | Hell     | Killed Murray
 47903 | Hell     | Found a gateway to the freezing wastes of Cocytus.
 48058 | Hell     | Reached skill level 23 in Invocations
 48071 | Hell     | Found a gateway to the decaying netherworld of Tartarus.
 48210 | Hell     | Found a gateway to the Iron City of Dis.
 48522 | Elf:1    | You paid a toll of the horn of Geryon to enter a treasure
                  | trove
 48523 | Trove    | Entered a treasure trove
 48542 | Trove    | Got Sif Muna's Secrets of the Mortuary
 48545 | Trove    | Got Sif Muna's Treatise on Pestilence and Invitation
 48563 | Trove    | Got Sif Muna's Codex of Captivating Bolts
 48985 | Slime:1  | Entered Level 1 of the Pits of Slime
 49054 | Slime:1  | Corrupted Slime:1
 49263 | Slime:2  | Reached skill level 10 in Axes
 49707 | Slime:2  | Paralysed by a floating eye for 2 turns
 50903 | Slime:5  | Entered Level 5 of the Pits of Slime
 51159 | Slime:5  | Noticed the Royal Jelly
 51159 | Slime:5  | Gained mutation: You occasionally lose the ability to drink
                  | potions when taking damage. [a shining eye]
 51166 | Slime:5  | Corrupted Slime:5
 51187 | Slime:5  | Killed the Royal Jelly
 51225 | Slime:5  | Got a slimy rune of Zot
 51289 | Slime:5  | Got Dokhisot's Almanac of the Undead
 51976 | Zot:1    | Entered Level 1 of the Realm of Zot
 52791 | Zot:2    | Found a runed translucent door.
 52791 | Zot:2    | Noticed Akugygoc's ghost (legendary MiFi)
 52853 | Zot:2    | Gained mutation: You are strong-willed. (Will+) [hidden
                  | potential]
 52853 | Zot:2    | Lost mutation: You have hidden genetic potential. [hidden
                  | potential expressed]
 53089 | Zot:2    | Noticed Vv
 53117 | Zot:2    | Killed Vv
 53245 | Zot:2    | Identified the +0 cloak of Hilit {rCorr}
 53838 | Zot:2    | Killed Akugygoc's ghost
 53891 | Zot:3    | Corrupted Zot:3
 53895 | Zot:3    | Gained mutation: You occasionally shout uncontrollably at
                  | your foes. [a neqoxec]
 53957 | Zot:3    | Noticed an orb of fire
 53971 | Zot:3    | Killed an orb of fire
 54790 | Zot:4    | Corrupted Zot:4
 55122 | Zot:4    | Identified the +8 morningstar of Massacring {flame, Str+4}
 55186 | Zot:4    | Reached skill level 24 in Invocations
 55309 | Zot:4    | Noticed an orb of fire
 55314 | Zot:4    | Gained mutation: Armour fits poorly on your strangely
                  | shaped body. [an orb of fire]
 55318 | Zot:4    | Killed an orb of fire
 55589 | Zot:4    | Found a runed translucent gate.
 55589 | Zot:4    | Found a runed translucent gate.
 55589 | Zot:4    | Found a runed translucent gate.
 55595 | Zot:4    | Noticed Zeaxzic Paph's ghost (veteran OgBe)
 55601 | Zot:4    | Paralysed by a floating eye for 4 turns
 55762 | Zot:4    | Killed Zeaxzic Paph's ghost
 56120 | Zot:5    | Entered Level 5 of the Realm of Zot
 56209 | Zot:5    | Identified the +1 chain mail "Yfac" {-Cast rPois Will+
                  | Dex+4}
 56815 | Zot:5    | Noticed an orb of fire
 56815 | Zot:5    | Noticed a Killer Klown
 56817 | Zot:5    | Noticed a Killer Klown
 56818 | Zot:5    | Corrupted Zot:5
 56820 | Zot:5    | Noticed a Killer Klown
 56820 | Zot:5    | Noticed a Killer Klown
 56821 | Zot:5    | Lost mutation: Your mind is acute. (Int +4, Str/Dex -1) [an
                  | orb of fire]
 56833 | Zot:5    | Noticed an orb of fire
 56835 | Zot:5    | Killed a Killer Klown
 56836 | Zot:5    | Reached skill level 5 in Spellcasting
 56836 | Zot:5    | Killed a Killer Klown
 56839 | Zot:5    | HP: 5/209 [purple draconian shifter/bolt of dispelling
                  | energy[a black draconian knight] (36)]
 56839 | Zot:5    | Killed from afar by an electric golem

Illustrated notes

Levels and vault maps discovered:
D:1:      dpeg_arrival_connections, layout_rooms
D:2:      layout_basic, basic_altar
D:3:      layout_basic, nicolae_qazlal_scattered_showers,
          trog_three_pillars_becter, uniq_ijyb
D:4:      layout_gridville, minmay_temple_entry_mist, uniq_edmund
D:5:      cheibrodos_thug_alley, layout_loops_ring, enter_ossuary_1,
          minmay_fractal_squares_gapless_5
D:6:      layout_basic, serial_shops, nicolae_shop_competitors_out_of_business,
          uniq_eustachio
D:7:      layout_loops_ring, lightli_bailey_entry_fortress, serial_shops, shop
D:8:      layout_basic
D:9:      nicolae_cairo_tiling_large_dashed, layout_irregular_city,
          serial_shops, shop
D:10:     layout_basic, st_stairs_1, minivault_11, uniq_sonja
D:11:     layout_irregular_city, erik_lair_orcish_takeover, nicolae_titane
D:12:     layout_loops_ring, minmay_orc_entry_temple_small, serial_shops,
          shop_fountains
D:13:     layout_loops_cross, skrybe_vaults_entry_preservation,
          fedhas_altar_fruit_tree, uniq_nessos, uniq_josephine
D:14:     layout_basic, serial_park_square2, minmay_ruined_shrine, uniq_louise
D:15:     grunt_enter_depths_giant_problem, layout_rooms, serial_bayou,
          serial_bayou_ford_a, serial_bayou_pond_c, serial_bayou_lagoon_a,
          serial_bayou_shore_b, ebering_ghost_gozag, dancing_weapons_uskayaw
Temple:   mainiacjoe_temple_cubbyholes
Lair:1:   layout_regular_city, serial_forest, infiniplex_forest_end_2,
          infiniplex_forest_clump_curved, infiniplex_forest_clump_double,
          infiniplex_forest_lined_2, infiniplex_forest_straight_1,
          serial_bayou_shore_a, uniq_gastronok
Lair:2:   layout_misc_corridors, swamp_mist, spider_nest_entry_rubble,
          serial_rivers, chequers_serial_rivers_room_b,
          chequers_serial_rivers_large_b, chequers_serial_rivers_micro_c,
          chequers_serial_rivers_room_b, chequers_serial_rivers_micro_d,
          chequers_serial_rivers_micro_a, bobbens_dragon_lair_wall, uniq_amaemon
Lair:3:   layout_regular_city
Lair:4:   layout_gridlike, nicolae_slime_entry_slimehenge,
          nicolae_volcano_entry_vermiform, gauntlet_entry_generic
Lair:5:   evilmike_catoblepas_cave, layout_gridlike,
          chequers_serial_rivers_room_a, minivault_24, lemuel_fruit_tree
Swamp:1:  layout_basic_swamp, evilmike_swamp_ruin_house_2, swamp_pool4,
          infiniplex_staircase_pool
Swamp:2:  layout_falls_marsh, evilmike_swamp_ruin_rubble_2
Swamp:3:  layout_basic_swamp, evilmike_swamp_ruin_rubble_1,
          nicolae_swamp_feature_on_the_river_bank, infiniplex_staircase_pool_2
Swamp:4:  swamp_alternative, layout_basic_swamp
Spider:1: layout_spider_delve, hangedman_spider_mandibles
Spider:2: layout_chambers, nicolae_spider_circle_web, nicolae_spider_cling_halls
Spider:3: layout_spider_delve, nicolae_spider_jagged_tunnels
Spider:4: johnstein_spider_rune_arachne_lair
Slime:1:  layout_caves, nicolae_slime_phagocytosis
Slime:2:  layout_caves
Slime:3:  layout_caves
Slime:4:  layout_caves
Slime:5
Orc:1:    layout_caves, gammafunk_ghost_grave, bh_open_orc_temple
Orc:2:    grunt_orc_community_town_hall, layout_diamond_mine,
          grunt_orc_community_big_house_2, grunt_orc_community_big_house_1,
          grunt_orc_community_house_2, grunt_orc_community_house_3,
          grunt_orc_community_house_1, grunt_orc_community_house_3,
          grunt_orc_community_house_2, grunt_orc_community_house_1, uniq_jorgrun
Elf:1:    elf_arrival_002, layout_loops_cross, nicolae_trove_entry_isolated,
          minmay_elf_crystal_hexagon, st_stairs_4, minmay_shop_star
Elf:2:    nicolae_elf_blades_splatter_lattice
          [nicolae_vaults_blade_armed_guards], layout_loops_cross,
          uniq_saint_roka
Elf:3:    grunt_elf_hall_asides, layout_loops_cross
Vaults:1: v_rooms_2, v_rooms_4, hangedman_vaults_stream, v_misc_28,
          nicolae_vaults_angled_halls, nicolae_vaults_little_squares_2,
          v_misc_24, vaults_room_stairs_pillars, nicolae_vaults_statue_guard,
          ontoclasm_vaults_decontamination, nicolae_vaults_little_squares_3,
          layout_vaults_ring, uniq_nikola
Vaults:2: vaults_dpeg_emergency_exit, grunt_vaults_hallway_short,
          hangedman_vaults_impose, nicolae_vaults_little_squares_5,
          vaults_room_hallway, dpeg_vaults_monster_box, grunt_vaults_diagonal,
          nicolae_vaults_three_branches, vaults_mumra_hex,
          layout_vaults_omnigrid, uniq_frederick
Vaults:3: minmay_crypt_entry_simple_walls, hangedman_vaults_slice,
          nicolae_vaults_triangles, vaults_room_boxed,
          kennysheep_vaults_gozag_temple, nicolae_vaults_circle_grid_b,
          v_pattern_2, vaults_room_fancy_cross, v_misc_11,
          vaults_room_door_hall, vaults_room_pools,
          nicolae_vaults_little_squares_4, layout_vaults_omnibox
Vaults:4: portal_desolation_entry_ruin, vaults_dpeg_diagonal,
          nicolae_vaults_angled_halls, v_rooms_3, v_misc_16,
          nicolae_vaults_twisting_passages, ontoclasm_vaults_twist,
          nicolae_vaults_network_star, ontoclasm_vaults_pinch,
          layout_vaults_big_room, uniq_margery
Vaults:5
Crypt:1:  layout_gridlike, uniq_boris
Crypt:2:  gammafunk_its_a_trap, layout_regular_city
Crypt:3:  due_elkab, layout_chaotic_city, tomb_entry_simple_bobbens
Depths:1: dreamdust_experimentation, layout_small_grid, enter_ziggurat_e,
          grunt_decor_arrowhead, grunt_hell_entry_dis_grunt,
          nicolae_danse_macabre
Depths:2: minmay_the_grid_four_pointed_star_mashed
          [minmay_the_grid_triangle_9x9_intruding_spiral,
          minmay_the_grid_triangle_9x9_odd_lines,
          minmay_the_grid_triangle_9x9_minimal,
          minmay_the_grid_triangle_9x9_corruption,
          minmay_the_grid_prize_big_room], layout_gridlike,
          rand_demon_pan_entry_5, hell_entry
Depths:3: nicolae_legendary_halls, layout_gridlike, abyss_entry_flame_altar,
          hell_entry, serial_shops, shop, minmay_misc_feat_hallway,
          infiniplex_staircase_pool_lava, uniq_grunn
Depths:4: grunt_crosshair, layout_gridlike, nemelex_altar_shiori, pan_entry,
          abyss_entry, hell_entry, grunt_megastairs_3
Hell
Zot:1:    layout_misc_corridors, lemuel_baited_zot_trap
Zot:2:    layout_twisted_circle, gammafunk_ghost_grave, uniq_vv
Zot:3:    layout_onion_interference
Zot:4:    layout_cathedral_of_symmetry, gammafunk_ghost_ooze, uniq_josephina
Zot:5:    layout_misc_corridors

Skill      XL: |  1  2  3  4  5  6  7  8  9 10 11 12 13 14 15 16 17 18 19 20 21 22 23 24 25 26 27 |
---------------+----------------------------------------------------------------------------------+-----
Maces & Flails | 3 4 5 6 7 9 10 11 13 14 15 16 17 18 | 18.0
Fighting       | 4 5 6 7 8 9 10 11 12 13 14 15 16 17 18 19 20 21 | 21.7
Axes           | 1 2 6 14 | 14.1
Armour         | 4 5 6 7 8 9 10 11 12 13 14 15 16 17 18 20 | 20.5
Shields        | 4 5 6 7 8 9 10 11 12 13 14 15 16 17 18 19 20 | 20.9
Invocations    | 1 2 3 5 6 7 9 10 12 13 14 15 16 17 18 19 20 21 22 24 | 24.2
Dodging        | 3 4 6 7 8 9 10 11 12 13 | 13.8
Stealth        | 1 3 5 6 |  6.8
Evocations     | 1 3 |  3.0
Spellcasting   | 1 3 5 |  5.0
Transmutations | 1 4 5 6 |  6.7
Throwing       | 2 3 |  3.0

Action                   |  1- 3 |  4- 6 |  7- 9 | 10-12 | 13-15 | 16-18 | 19-21 | 22-24 | 25-27 || total
-------------------------+-------+-------+-------+-------+-------+-------+-------+-------+-------++-------
Melee: Whip              |   116 |       |       |       |       |       |       |       |       ||   116
       Flail             |    37 |    38 |   237 |       |       |       |       |       |       ||   312
       Hand axe          |       |    37 |    26 |       |       |       |       |       |       ||    63
       Eveningstar       |       |       |    71 |   363 |   687 |  1302 |  1239 |  1889 |  2318 ||  7869
       Broad axe         |       |       |       |       |       |       |       |       |   498 ||   498
Throw: Dart              |       |    11 |     2 |    23 |     5 |    10 |       |     4 |     7 ||    62
 Cast: Wereblood         |       |       |       |       |       |    13 |    11 |     2 |     5 ||    31
Invok: Purification      |       |       |     2 |       |       |     4 |     2 |       |       ||     8
       Heal Self         |       |       |       |     1 |     3 |     1 |     1 |       |       ||     6
       Heal Other        |       |       |       |       |    18 |    25 |    22 |       |       ||    65
       Divine Vigour     |       |       |       |       |     2 |       |       |       |       ||     2
       Banish            |       |       |       |       |       |       |       |    11 |     3 ||    14
       Enter the Abyss   |       |       |       |       |       |       |       |     1 |       ||     1
       Corrupt           |       |       |       |       |       |       |       |       |    10 ||    10
Evoke: Wand              |       |     3 |     7 |     8 |     3 |     9 |     2 |       |     3 ||    35
       Box of beasts     |       |       |       |       |       |     1 |     1 |     1 |     2 ||     5
       Phantom mirror    |       |       |       |       |       |     1 |       |       |     1 ||     2
       Phial of floods   |       |       |       |       |       |     1 |     2 |     1 |     2 ||     6
       Tin of tremorston |       |       |       |       |       |       |       |     2 |     6 ||     8
       Lightning rod     |       |       |       |       |       |       |       |       |     8 ||     8
       Condenser vane    |       |       |       |       |       |       |       |       |     2 ||     2
  Use: Potion            |       |     1 |       |       |     2 |     7 |     1 |     6 |    32 ||    49
       Scroll            |       |       |    16 |    10 |    13 |     4 |     2 |    11 |    24 ||    80
 Stab: Paralysed         |       |     6 |       |       |       |       |       |       |     6 ||    12
       Sleeping          |       |       |       |     4 |     5 |    13 |    10 |    24 |    26 ||    82
       Invisible         |       |       |       |       |     4 |     5 |       |     8 |    48 ||    65
       Distracted        |       |       |       |       |       |     2 |     6 |     9 |    30 ||    47
       Petrified         |       |       |       |       |       |       |     3 |       |       ||     3
Armor: Scale mail        |     7 |       |       |       |       |       |       |       |       ||     7
       Ring mail         |    64 |    21 |   134 |     5 |       |       |       |       |       ||   224
       Troll leather arm |       |       |       |   115 |   290 |   481 |   233 |   415 |    81 ||  1615
       Chain mail        |       |       |       |       |       |       |       |       |   759 ||   759
Dodge: Dodged            |    61 |    27 |    89 |   153 |   462 |   873 |   523 |   967 |  1068 ||  4223
Block: Kite shield       |    54 |    20 |   129 |   227 |   690 |  1384 |    27 |       |       ||  2531
       Tower shield      |       |       |       |       |       |       |  1036 |  2293 |  3550 ||  6879
       Reflection        |       |       |       |       |       |       |       |     1 |    27 ||    28

Table legend: (Time is in decaauts)
 A = Elapsed time spent in this place.
 B = Non-inter-level travel time spent in this place.
 C = Inter-level travel time spent in this place.
 D = Time resting spent in this place.
 E = Time spent auto-exploring this place.
 F = Levels seen in this place.
 G = Mean time per level.
                   A        B        C        D        E       F      G
               +--------+--------+--------+--------+--------+-----+--------+
         Total |  56664 |  51327 |   5337 |   2832 |  23473 |  66 |  858.5 |
       Dungeon |  12381 |  10879 |   1502 |    100 |   6756 |  15 |  825.4 |
        Temple |    356 |    291 |     65 |      0 |    288 |   1 |  356.0 |
          Lair |   4724 |   4068 |    656 |      0 |   2167 |   5 |  944.8 |
         Swamp |   2636 |   2504 |    132 |     33 |   1271 |   4 |  659.0 |
   Spider Nest |   4908 |   4387 |    521 |    455 |   1936 |   4 | 1227.0 |
    Slime Pits |   2656 |   2436 |    220 |    294 |   1075 |   5 |  531.2 |
  Orcish Mines |   1676 |   1432 |    244 |      0 |    839 |   2 |  838.0 |
   Elven Halls |   3314 |   3100 |    214 |    108 |   1081 |   3 | 1104.7 |
        Vaults |   7026 |   6206 |    820 |    227 |   2886 |   5 | 1405.2 |
         Crypt |   3667 |   3404 |    263 |    195 |    840 |   3 | 1222.3 |
        Depths |   5224 |   4774 |    450 |    463 |   2069 |   4 | 1306.0 |
          Hell |    456 |    439 |     17 |      0 |    169 |   1 |  456.0 |
           Zot |   4759 |   4529 |    230 |    919 |   1689 |   5 |  951.8 |
         Abyss |    364 |    364 |      0 |     37 |     39 |   3 |  121.3 |
         Trove |     86 |     86 |      0 |      0 |      6 |   1 |   86.0 |
       Ossuary |    467 |    467 |      0 |      0 |    156 |   1 |  467.0 |
        Bailey |    536 |    536 |      0 |      0 |      0 |   1 |  536.0 |
       Volcano |    203 |    203 |      0 |      0 |      0 |   1 |  203.0 |
    Desolation |    707 |    707 |      0 |      0 |    204 |   1 |  707.0 |
      Gauntlet |    508 |    508 |      0 |      0 |      0 |   1 |  508.0 |
               +--------+--------+--------+--------+--------+-----+--------+

Top non-repeatable levels by time:
Vaults:1: 1563 daAuts
Vaults:5: 1532 daAuts
Depths:3: 1505 daAuts
Spider:2: 1499 daAuts
Vaults:3: 1491 daAuts
 Crypt:3: 1467 daAuts
Spider:1: 1430 daAuts
Vaults:2: 1429 daAuts
Depths:4: 1344 daAuts
   Zot:2: 1299 daAuts
   Zot:4: 1294 daAuts
 Crypt:2: 1291 daAuts
   Elf:3: 1266 daAuts
Depths:2: 1262 daAuts
Spider:4: 1157 daAuts
